 Dungeon Crawl Stone Soup version 0.29.1-12-g30fa7ad0bf (webtiles) character file.

Game seed: 10912016903801604316

2952 FexLirch the Cleaver (level 10, -1/84 HPs)
             Began as a Meteoran Wanderer on Dec 16, 2022.
             Was a Follower of Qazlal.
             Slain by an orc warrior
             ... wielding a +0 bardiche
              (16 damage)
             ... in a bailey.
             The game lasted 00:33:42 (3157 turns).

FexLirch the Cleaver (Meteoran Wanderer)            Turns: 3157, Time: 00:33:43

Health: -1/84      AC:  6    Str: 20    XL:     10   Next: 28%
Magic:  11/12      EV: 16    Int: 14    God:    Qazlal [*.....]
Gold:   465        SH:  2    Dex: 18    Spells: 7/9 levels left

rFire   + . .      SeeInvis .   k - +9 broad axe "Ybutaity" {freeze, rElec Will+}
rCold   . . .      Faith    .   (no shield)
rNeg    . . .      Spirit   .   f - +0 leather armour
rPois   .          Reflect  .   (no helmet)
rElec   +          Harm     .   (no cloak)
rCorr   .          Rampage  .   l - +2 pair of gloves
Will    ++...                   (no boots)
Stlth   +.........              (no amulet)
HPRegen 0.24/turn               r - +6 ring of dexterity
MPRegen 0.13/turn               p - ring of protection from fire

@: glowing
A: sense surroundings 2, otherworldly, glowing, explore regen, low MP 1,
MP-powered wands
a: Renounce Religion


You were in a bailey.
You worshipped Qazlal.
Qazlal was aware of your devotion.
You visited 1 branch of the dungeon, and saw 9 of its levels.
You also visited: Bailey.

You collected 465 gold pieces.

Inventory:

Hand Weapons
 k - the +9 broad axe "Ybutaity" (weapon) {freeze, rElec Will+}
   (You found it on level 5 of the Dungeon)

   It freezes those it strikes, dealing additional cold damage.
   It can also slow down cold-blooded creatures.
   rElec:     It insulates you from electricity.
   Will:      It increases your willpower.
 m - a +0 war axe
 F - a +3 mace
 G - a +0 halberd
Missiles
 c - 11 boomerangs (quivered)
Armour
 f - a +0 leather armour (worn)
 l - a +2 pair of gloves (worn)
Jewellery
 p - a ring of protection from fire (right hand)
 r - a +6 ring of dexterity (left hand)
 B - a ring of ice
Wands
 o - a wand of paralysis (9)
 w - a wand of quicksilver (15)
 D - a wand of digging (5)
Scrolls
 h - a scroll of acquirement {unknown}
 i - a scroll of amnesia {unknown}
 j - a scroll of silence
 n - a scroll of brand weapon {unknown}
 q - 3 scrolls of immolation
 t - a scroll of blinking {unknown}
 u - a scroll of enchant armour
 v - 2 scrolls of magic mapping
 x - a scroll of enchant weapon
 y - 2 scrolls of noise
Potions
 a - a potion of heal wounds
 b - a potion of mutation
 d - 2 potions of resistance {unknown}
 e - a potion of invisibility {unknown}
 g - a potion of flight
 s - a potion of curing
 z - a potion of brilliance
 A - 3 potions of haste {unknown}
 C - 4 potions of cancellation
 E - a potion of might {unknown}


   Skills:
 + Level 6.5 Fighting
 * Level 9.7(10.9) Axes
 - Level 7.8(10.0) Polearms
 - Level 3.6 Throwing
 + Level 7.5 Dodging
 + Level 3.2 Invocations


You had 7 spell levels left.
You knew the following spells:

 Your Spells              Type           Power      Damage    Failure   Level
a - Blink                 Tloc           0%         N/A       45%         2

Your spell library contained the following spells:

 Spells                   Type           Power      Damage    Failure   Level
 Lesser Beckoning         Tloc           0%         N/A       71%         3
 Manifold Assault         Tloc           0%         N/A       100%        5
 Conjure Ball Lightning   Conj/Air       0%         3x3d6     100%        6
 Discord                  Hex            0%         N/A       100%        8
 Disjunction              Tloc           0%         N/A       100%        8


Dungeon Overview and Level Annotations

Branches:
Dungeon (9/15) Zot: 2601   Bailey (1/1) Zot: 278
 Temple: D:4-7         Lair: D:8-11         Orc: D:9-12

Altars:
Gozag
Makhleb
Qazlal
Vehumet
Yredelemnul
The Shining One

Annotations:
D:5 1 runed translucent door
D:9 exclusion: 2 electric eels


Innate Abilities, Weirdness & Mutations

You passively map the area around you.
You are easily found by Zot.
You glow in the dark.
You regain HP and MP as you explore.
Your magical capacity is low. (-10% MP)
You expend magic power (3 MP) to strengthen your wands.


Message History

Things that are here:
a +0 spear; a +0 plate armour; a +0 war axe You slice the orc warrior!!
You freeze the orc warrior.
You kill the orc warrior!
Qazlal accepts your kill. The orc warrior misses you.
Your Invocations skill increases to level 3!
You slash the orc warrior! You freeze the orc warrior.
The orc warrior is heavily wounded.
The orc warrior closely misses you. The orc warrior barely misses you.
You closely miss the orc warrior.
The orc warrior is heavily wounded.
The orc warrior misses you. You block the orc warrior's attack.
You slash the orc warrior! You freeze the orc warrior.
The orc warrior is severely wounded.
The orc warrior hits you from afar with a +0 halberd!!
* * * LOW HITPOINT WARNING * * *
The orc warrior closely misses you.
You slice the orc warrior!! You freeze the orc warrior.
You kill the orc warrior!
Qazlal accepts your kill.
The orc warrior hits you from afar with a +0 halberd!
* * * LOW HITPOINT WARNING * * *
Items here: ))))) ? [ ÷÷÷.
Items here: )) [ ÷.
Items here: )) [ ÷.
You see here a +0 halberd.
Items here: ))))) ? [ ÷÷÷.
Items here: )) [ ÷.
Items here: )) [ ÷.
You see here a +0 halberd.
The orc suddenly jeers, as Orcs often do.
There is an open door, spattered with blood here.
Items here: )) [[.
An orc warrior comes into view. It is wielding a +0 bardiche.
The orc warrior shouts!
There is an open door here.
Items here: ))) [ †††.
The orc warrior hits you from afar with a +0 bardiche!
You die...

#### ####### ########
....#########.....## ##.......
.....#.....#....@..######.....#..
..#..'.....'...##☼.#.)..#)...###?
))...'...).'....8o.o....))....8))
.≈#).'.)...)...##..#...)#....###)
.....#.....#.......######.....#))
....#########.....## ##......)
#### ####### ########


You could see an orc warrior and an orc.

Vanquished Creatures
  Maurice (D:8)
  Prince Ribbit (D:8)
  A steam dragon (D:7)
  A water moccasin (D:7)
  3 ice beasts
  2 sky beasts (D:6)
  7 orc warriors
  A wolf (D:9)
  A kobold brigand (D:8)
  A gnoll sergeant (D:9)
  A bullfrog (D:8)
  A scorpion (D:5)
  2 wights (D:7)
  2 centaur zombies (D:7)
  3 hounds
  A jelly (D:6)
  An orc priest (D:7)
  4 orc wizards
  2 iguanas
  A howler monkey zombie (D:7)
  10 gnolls
  4 adders
  2 white imps
  3 worms
  2 dart slugs
  39 orcs
  5 bats
  3 endoplasms
  13 goblins
  8 hobgoblins
  2 jackals (D:1)
  2 quokkas
  2 ball pythons (D:1)
  A frilled lizard (D:2)
  8 kobolds
  3 rats
144 creatures vanquished.

Vanquished Creatures (others)
  3 plants (D:5)
  A withered plant (D:7)
4 creatures vanquished.

Grand Total: 148 creatures vanquished

Notes
Turn   | Place    | Note
-------+----------+-------------------------------------------
     0 | D:1      | FexLirch the Meteoran Wanderer began the quest for the Orb.
     0 | D:1      | FexLirch set off with the following items: a +2 spear, a +0
                  | hand axe, 6 boomerangs, a +0 dagger, a scroll of
                  | vulnerability, a +0 leather armour.
     0 | D:1      | Reached XP level 1. HP: 16/16 MP: 2/2
    65 | D:1      | Reached XP level 2. HP: 20/23 MP: 3/3
   338 | D:1      | Reached XP level 3. HP: 28/28 MP: 4/4
   452 | D:2      | Found an opulent altar of Gozag.
   483 | D:2      | Reached skill level 5 in Polearms
   523 | D:2      | Reached XP level 4. HP: 17/35 MP: 5/5
   598 | D:3      | You fall into a shaft and drop 2 floors!
   598 | D:5      | Entered Level 5 of the Dungeon
   675 | D:5      | Found a runed translucent door.
   675 | D:5      | Noticed a human
   689 | D:5      | Found a basalt altar of Yredelemnul.
   963 | D:4      | Reached XP level 5. HP: 35/40 MP: 6/6
   973 | D:4      | Noticed an ogre
  1295 | D:5      | Reached XP level 6. HP: 15/47 MP: 7/7
  1358 | D:5      | Gained mutation: Your magical capacity is low. (-10% MP)
                  | [potion of mutation]
  1358 | D:5      | Gained mutation: You expend magic power (3 MP) to
                  | strengthen your wands. [potion of mutation]
  1546 | D:5      | Identified the +9 broad axe "Ybutaity" {freeze, rElec
                  | Will+}
  1561 | D:5      | Reached XP level 7. HP: 36/55 MP: 7/7
  1726 | D:6      | Reached skill level 2 in Axes
  1727 | D:6      | Found a stormy altar of Qazlal.
  1737 | D:6      | Became a worshipper of Qazlal Stormbringer
  1779 | D:6      | Reached skill level 3 in Axes
  1868 | D:6      | Learned a level 2 spell: Blink
  1894 | D:6      | Identified the +2 robe of Experimentation {MP+9}
  2058 | D:7      | Reached XP level 8. HP: 27/63 MP: 8/8
  2060 | D:7      | Reached skill level 4 in Axes
  2140 | D:7      | Found a glowing golden altar of the Shining One.
  2157 | D:7      | Found a burning altar of Makhleb.
  2274 | D:7      | Reached skill level 5 in Axes
  2303 | D:7      | Reached skill level 5 in Dodging
  2323 | D:7      | Noticed a six-headed hydra
  2449 | D:7      | Reached skill level 6 in Axes
  2468 | D:7      | Noticed a steam dragon
  2476 | D:7      | Killed a steam dragon
  2477 | D:7      | Gained mutation: You passively map the area around you.
                  | [Meteoran growth]
  2477 | D:7      | Reached XP level 9. HP: 47/72 MP: 9/9
  2506 | D:8      | Noticed Prince Ribbit
  2516 | D:8      | Reached * piety under Qazlal
  2517 | D:8      | Reached skill level 7 in Axes
  2571 | D:8      | Reached skill level 5 in Fighting
  2583 | D:8      | Killed Prince Ribbit
  2587 | D:8      | Noticed Maurice
  2592 | D:8      | Killed Maurice
  2593 | D:8      | Reached skill level 8 in Axes
  2667 | D:7      | Found a radiant altar of Vehumet.
  2762 | D:9      | Reached skill level 1 in Invocations
  2795 | D:9      | Found a flagged portal.
  2806 | D:9      | Reached XP level 10. HP: 83/83 MP: 11/11
  2821 | D:9      | Reached skill level 9 in Axes
  2838 | Bailey   | Entered a bailey
  2860 | Bailey   | Reached ** piety under Qazlal
  3157 | Bailey   | Slain by an orc warrior

Illustrated notes

Levels and vault maps discovered:
D:1:      dpeg_arrival_another_circle, layout_rooms,
          shapermc_ecumenical_altar_gd, minmay_small_reverse_x
D:2:      layout_loops_ring, basic_altar, chequers_serial_rivers_marsh
D:3:      minmay_general_purpose_star, layout_loops_ring,
          nemelex_xobeh_ov_fountains_minmay
D:4:      layout_basic, mainiacjoe_overflow_concentric_impassable, uniq_ijyb
D:5:      corexii_shantytown, layout_basic, dk_yredelemnul_ordeal,
          uniq_crazy_yiuf_cottage
D:6:      layout_loops_ring, grunt_qazlal_sundering
D:7:      layout_loops_ring, nicolae_overflow_crystal_walls,
          mainiacjoe_overflow_catwalk_spiral, minmay_temple_entry_sparse_star,
          serial_undead, serial_undead_c, serial_undead_e, serial_undead_d,
          serial_undead_c, serial_undead_b, serial_undead_b, serial_undead_b,
          serial_undead_e
D:8:      layout_loops_ring, uniq_grum, uniq_prince_ribbit1, uniq_maurice
D:9:      layout_loops_ring, kennysheep_little_box, dpeg_lair_monsters,
          hiddenorc2_lemuel, enter_bailey_3, serial_ice, serial_ice_j,
          serial_ice_a, serial_ice_g, serial_ice_e
Bailey:   bailey_polearm_5, bailey

Skill      XL: |  1  2  3  4  5  6  7  8  9 10 |
---------------+-------------------------------+-----
Polearms       | 4 5 6 7 |  7.8
Dodging        | 3 4 5 7 |  7.5
Fighting       | 2 3 4 6 |  6.5
Axes           | 3 6 8 9 |  9.7
Invocations    | 1 3 |  3.2
Throwing       | |  3.6

Action                   |  1- 3 |  4- 6 |  7- 9 | 10-12 || total
-------------------------+-------+-------+-------+-------++-------
Melee: Spear             |    79 |   162 |    34 |       ||   275
       Broad axe         |       |     2 |    97 |    37 ||   136
       Punch             |       |     1 |       |     1 ||     2
       Halberd           |       |       |       |    12 ||    12
Throw: Boomerang         |       |     3 |     6 |       ||     9
Invok: Upheaval          |       |       |       |     4 ||     4
Evoke: Wand              |       |       |     1 |       ||     1
  Use: Scroll            |     1 |     7 |     6 |       ||    14
       Potion            |       |     4 |       |     1 ||     5
 Stab: Paralysed         |       |       |     3 |       ||     3
Armor: Leather armour    |    18 |    23 |    27 |     7 ||    75
Dodge: Dodged            |    25 |    51 |    50 |    60 ||   186
Block: Other             |       |       |     1 |     6 ||     7
